 Seeded DCSS version 0.29-a0-555-g3b24f45cc1 (webtiles) character file.

Game seed: 20220607 (custom seed)

1571 a11behringer the Basher (level 9, -6/64 (74) HPs)
             Began as a Meteoran Cinder Acolyte on June 7, 2022.
             Was a Priest of Ignis.
             Killed from afar by a gargoyle (24 damage)
             ... with a stone arrow
             ... on level 7 of the Dungeon.
             The game lasted 00:15:01 (3849 turns).

a11behringer the Basher (Meteoran Cinder Acolyte)   Turns: 3849, Time: 00:15:02

HP:   -6/64 (74)    AC: 17    Str: 17    XL:     9   Next: 35%
MP:   12/12         EV: 12    Int: 17    God:    Ignis [***...]
Gold: 335           SH:  0    Dex: 18    Spells: 4/10 levels left

rFire   + . .      SeeInvis +   a - -1 mace (flame)
rCold   . . .      Faith    .   (no shield)
rNeg    . . .      Spirit   .   F - +3 ring mail of the Soldier {Will+ SInv}
rPois   .          Reflect  .   (no helmet)
rElec   .          Harm     .   (no cloak)
rCorr   .          Rampage  .   e - +0 pair of gloves
Will    ++...                   (no boots)
Stlth   +.........              o - amulet of regeneration
HPRegen 1.00/turn               v - +6 ring of dexterity
MPRegen 0.13/turn               w - ring of wizardry

@: fiery-armoured, glowing, heavily drained
A: sense surroundings 2, otherworldly, glowing, explore regen
a: Renounce Religion, Fiery Armour, Foxfire Swarm, Rising Flame


You were on level 7 of the Dungeon.
You worshipped Ignis.
Ignis was most pleased with you.
You visited 1 branch of the dungeon, and saw 7 of its levels.

You collected 335 gold pieces.

Inventory:

Hand Weapons
 a - a -1 mace of flaming (weapon)
Missiles
 z - a throwing net (quivered)
Armour
 b - a +0 robe
 e - a +0 pair of gloves (worn)
 t - the +1 leather armour of Eseokko {rF+ Stlth+}
   (You found it on level 4 of the Dungeon)

   rF:        It protects you from fire.
   Stlth:     It makes you more stealthy.
 F - the +3 ring mail of the Soldier (worn) {Will+ SInv}
   (You found it on level 7 of the Dungeon)

   SInv:      It lets you see invisible.
   Will:      It increases your willpower.
Jewellery
 j - an amulet of guardian spirit
 o - an amulet of regeneration (around neck)
 v - a +6 ring of dexterity (left hand)
 w - a ring of wizardry (right hand)
 x - a ring of poison resistance
 H - a ring of ice
Wands
 A - a wand of iceblast (26)
 B - a wand of flame (7)
 D - a wand of polymorph (6)
Scrolls
 c - 3 scrolls of fear {unknown}
 f - a scroll of fog {unknown}
 l - a scroll of poison {unknown}
 p - 4 scrolls of identify {unknown}
 q - a scroll of blinking {unknown}
 u - 2 scrolls of enchant armour {unknown}
 y - a scroll of enchant weapon {unknown}
 G - a scroll of teleportation {unknown}
Potions
 d - 3 potions of haste {unknown}
 g - 4 potions of curing {unknown}
 h - a potion of lignification {unknown}
 i - 4 potions of heal wounds {unknown}
 k - 2 potions of mutation {unknown}
 m - a potion of flight {unknown}
 n - a potion of degeneration {unknown}
 r - a potion of ambrosia {unknown}
 s - 2 potions of attraction {unknown}
 C - a potion of invisibility {unknown}
 E - a potion of resistance {unknown}


   Skills:
 + Level 5.1 Fighting
 * Level 10.4 Maces & Flails
 + Level 4.2 Armour
 + Level 3.9 Dodging
 + Level 0.8 Stealth
 + Level 1.4 Spellcasting
 * Level 1.7 Conjurations
 * Level 6.2 Fire Magic


You had 4 spell levels left.
You knew the following spells:

 Your Spells              Type           Power      Damage    Failure   Level
a - Scorch                Fire           44%        2d7       1%          2
b - Flame Wave            Conj/Fire      14%        2d6       26%         4

Your spell library contained the following spells:

 Spells                   Type           Power      Damage    Failure   Level
 Stone Arrow              Conj/Erth      8%         3d7       28%         3
 Animate Armour           Summ/Erth      2%         N/A       77%         4
 Summon Cactus Giant      Summ           0%         N/A       100%        6
 Lehudib's Crystal Spear  Conj/Erth      2%         10d2      100%        8


Dungeon Overview and Level Annotations

Branches:
Dungeon (7/15)             Temple (0/1) D:6

Altars:
Ashenzari
Cheibriados
Dithmenos
Okawaru
The Shining One

Shops:
D:1 :

Annotations:
D:6 2 transporters, thriggle's ghost, novice GnWn


Innate Abilities, Weirdness & Mutations

You passively map the area around you.
You are easily found by Zot.
You glow in the dark.
You regain HP and MP as you explore.


Message History

H - a ring of ice You now have 335 gold pieces (gained 6).
As you open the door, it creaks loudly!
Found a chain mail.
A gargoyle comes into view. It is wielding a +0 mace.
Found 19 stones.
A gargoyle is nearby!
A protective cloak of flame settles atop you.
There is an open door here.
The gargoyle hurls a stone arrow at you.
The stone arrow hits you!
The gargoyle hurls a stone arrow at you.
The stone arrow hits you.
You hit the gargoyle but do no damage.
The gargoyle hurls a stone arrow at you.
The stone arrow hits you but does no damage.
You hit the gargoyle but do no damage. The gargoyle closely misses you.
You hit the gargoyle but do no damage. You barely miss the gargoyle.
The gargoyle hurls a stone arrow at you.
The stone arrow hits you!!
You hit the gargoyle. You burn the gargoyle.
The gargoyle is lightly damaged.
The gargoyle hits you but does no damage.
You hit the gargoyle but do no damage.
The gargoyle is lightly damaged.
The gargoyle hits you but does no damage.
You completely miss the gargoyle.
The gargoyle is lightly damaged.
The gargoyle hurls a stone arrow at you.
The stone arrow hits you!
* * * LOW HITPOINT WARNING * * *
You hit the gargoyle but do no damage.
The gargoyle is lightly damaged.
The gargoyle barely misses you.
You hit the gargoyle but do no damage.
The gargoyle is lightly damaged.
The gargoyle hurls a stone arrow at you.
The stone arrow hits you!!
You die...

,, ,, .......#........##
,, .......#.........# ,
, , , ......#...##...##
, , , *
###....#..####...# , , *
#[.....#..####...# ,,
,,#......##...###.## +
,****♣####..'....##...##
,* ,#(.....#....#.....#
, ,#....@.#....##..### ,
* ###.9..#.....##.# ,
.......##.....### ,
.........##...### * ,
.........######
*##########


You could see a gargoyle.

Vanquished Creatures
  Grinder (D:5)
  Prince Ribbit (D:5)
  Menkaure (D:5)
  An ogre (D:5)
  A black bear (D:5)
  An ice beast (D:6)
  2 phantoms (D:5)
  3 necrophages
  4 hounds
  8 iguanas
  An orc wizard (D:3)
  6 adders
  2 white imps
  An ufetubus (D:5)
  2 worms
  5 orcs
  5 ball pythons
  6 endoplasms
  2 goblins (D:2)
  7 hobgoblins
  3 quokkas
  7 bats
  5 frilled lizards
  4 kobolds
  7 rats
86 creatures vanquished.

Vanquished Creatures (others)
  17 foxfires (D:3)
17 creatures vanquished.

Grand Total: 103 creatures vanquished

Notes
Turn   | Place    | Note
-------+----------+-------------------------------------------
     0 | D:1      | a11behringer the Meteoran Cinder Acolyte began the quest
                  | for the Orb.
     0 | D:1      | Reached XP level 1. HP: 19/19 MP: 3/3
   112 | D:1      | Reached XP level 2. HP: 26/26 MP: 5/5
   160 | D:1      | Found a faded altar of an unknown god.
   235 | D:1      | Found Hasa's Book Boutique.
   449 | D:1      | Reached XP level 3. HP: 28/31 MP: 6/6
   488 | D:1      | Glimpsed the power of Zot.
   537 | D:1      | Glimpsed the power of Zot.
   674 | D:2      | Learned a level 2 spell: Scorch
   681 | D:2      | Reached skill level 5 in Maces & Flails
   772 | D:2      | Reached XP level 4. HP: 31/39 MP: 7/7
   881 | D:2      | Reached skill level 1 in Dodging
  1081 | D:2      | Glimpsed the power of Zot.
  1186 | D:3      | Reached XP level 5. HP: 21/46 MP: 8/8
  1190 | D:3      | Found a shadowy altar of Dithmenos.
  1501 | D:3      | Found a broken altar of Ashenzari.
  1675 | D:3      | Glimpsed the power of Zot.
  1736 | D:4      | Reached skill level 6 in Maces & Flails
  1770 | D:4      | Noticed a necrophage
  1781 | D:4      | Killed a necrophage
  1782 | D:4      | Reached XP level 6. HP: 48/52 MP: 9/9
  1806 | D:4      | Identified the +1 leather armour of Eseokko {rF+ Stlth+}
  2049 | D:4      | Reached skill level 7 in Maces & Flails
  2078 | D:4      | Found a snail-covered altar of Cheibriados.
  2274 | D:4      | Glimpsed the power of Zot.
  2318 | D:5      | Entered Level 5 of the Dungeon
  2331 | D:5      | Reached XP level 7. HP: 29/59 MP: 10/10
  2361 | D:5      | Reached skill level 1 in Armour
  2383 | D:5      | Reached skill level 5 in Fire Magic
  2565 | D:5      | Reached skill level 8 in Maces & Flails
  2565 | D:5      | Reached XP level 8. HP: 17/67 MP: 11/11
  2701 | D:5      | Noticed Prince Ribbit
  2704 | D:5      | Noticed Menkaure
  2716 | D:5      | Killed Menkaure
  2721 | D:5      | Killed Prince Ribbit
  2722 | D:5      | Reached skill level 9 in Maces & Flails
  2843 | D:4      | Learned a level 4 spell: Flame Wave
  2873 | D:4      | Glimpsed the power of Zot.
  2923 | D:4      | Glimpsed the power of Zot.
  2962 | D:5      | Glimpsed the power of Zot.
  2971 | D:5      | Glimpsed the power of Zot.
  2997 | D:6      | Found a glowing golden altar of the Shining One.
  3128 | D:6      | Gained mutation: You passively map the area around you.
                  | [Meteoran growth]
  3128 | D:6      | Reached XP level 9. HP: 69/73 MP: 12/12
  3162 | D:6      | Noticed a kobold demonologist
  3166 | D:6      | Noticed thriggle's ghost (novice GnWn)
  3240 | D:6      | Found a transporter.
  3244 | D:6      | Found a transporter.
  3272 | D:6      | Reached skill level 1 in Conjurations
  3290 | D:6      | Found a staircase to the Ecumenical Temple.
  3327 | D:6      | Found an iron altar of Okawaru.
  3400 | D:5      | Reached skill level 5 in Fighting
  3400 | D:5      | Reached skill level 10 in Maces & Flails
  3477 | D:5      | Glimpsed the power of Zot.
  3527 | D:5      | Glimpsed the power of Zot.
  3567 | D:5      | Glimpsed the power of Zot.
  3576 | D:5      | Glimpsed the power of Zot.
  3577 | D:5      | Touched by the power of Zot.
  3605 | D:5      | Noticed Grinder
  3616 | D:5      | Killed Grinder
  3678 | D:6      | Glimpsed the power of Zot.
  3733 | D:7      | Identified the +3 ring mail of the Soldier {Will+ SInv}
  3836 | D:7      | Noticed a gargoyle
  3849 | D:7      | Killed from afar by a gargoyle

Illustrated notes

Levels and vault maps discovered:
D:1:      pf_arrival_petrified_forest, layout_basic, serial_shops,
          nicolae_shop_statue_plus, nicolae_ecumenical_lake_church,
          minmay_fountain_box
D:2:      layout_loops_cross
D:3:      layout_basic, ashenzari_altar_1, nicolae_dithmenos_the_darkroom
D:4:      layout_basic, kennysheep_mini_moat, roderic_serpentine_path
D:5:      layout_basic, serial_corexii_hall, chequers_hall_statues_corner_a,
          chequers_hall_statues_wall_a, corexii_hall_statues_t, uniq_grinder,
          uniq_menkaure, uniq_prince_ribbit1
D:6:      layout_basic, nicolae_tso_swordbearing_angel,
          okawaru_metal_pillars_1_2, temple_hall, gammafunk_ghost_arena
D:7:      layout_cave_pools, kennysheep_generic_room_16

Skill      XL: |  1  2  3  4  5  6  7  8  9 |
---------------+----------------------------+-----
Maces & Flails | 5 6 7 8 9 10 | 10.4
Dodging        | 1 2 3 |  3.9
Fire Magic     | 4 5 6 |  6.2
Fighting       | 4 5 |  5.1
Armour         | 2 3 4 |  4.2
Conjurations   | 1 |  1.7
Stealth        | |  0.8
Spellcasting   | |  1.4

Action                   |  1- 3 |  4- 6 |  7- 9 || total
-------------------------+-------+-------+-------++-------
Melee: Mace              |    98 |   114 |   145 ||   357
       Punch             |       |       |     1 ||     1
Invok: Foxfire Swarm     |       |     1 |       ||     1
       Fiery Armour      |       |     2 |     3 ||     5
 Stab: Sleeping          |       |     2 |     1 ||     3
Armor: Robe              |    34 |    32 |       ||    66
       Leather armour    |       |     9 |    40 ||    49
       Ring mail         |       |       |     4 ||     4
Dodge: Dodged            |    58 |    52 |    72 ||   182

Table legend: (Time is in decaauts)
 A = Elapsed time spent in this place.
 B = Non-inter-level travel time spent in this place.
 C = Inter-level travel time spent in this place.
 D = Time resting spent in this place.
 E = Time spent auto-exploring this place.
 F = Levels seen in this place.
 G = Mean time per level.
                   A        B        C        D        E       F      G
               +--------+--------+--------+--------+--------+-----+--------+
         Total |   3869 |   3260 |    609 |      0 |   2440 |   7 |  552.7 |
       Dungeon |   3869 |   3260 |    609 |      0 |   2440 |   7 |  552.7 |
               +--------+--------+--------+--------+--------+-----+--------+

Top non-repeatable levels by time:
     D:5: 850 daAuts
     D:4: 735 daAuts
     D:3: 600 daAuts
     D:1: 573 daAuts
     D:2: 555 daAuts
     D:6: 414 daAuts
     D:7: 140 daAuts
